Map: Acid Plant LE

Players

ImbaLinG - Winner!

  • Race: Protoss Protoss
  • League: Platinum
  • Spawn Location: 5:00

Cliggity

  • Race: Protoss Protoss
  • League: Platinum
  • Spawn Location: 11:00

VOD

Have the link to the VOD?

Description

Time

  • Played on: Nov. 13, 2018, 5:22 p.m.
  • Length: 18:31
Show
View Real Time Build Order
Export as new Build Order

ImbaLinG Protoss - Winner!

Build Orders: Phoenix Opening 

Get SALT Encoding   

  12  0:01  Probe  
  13  0:14  Probe  
  14  0:18  Pylon  
  14  0:33  Probe  
  15  0:40  Gateway  
  15  0:41  Probe  
  15  0:43  Assimilator  
  15  0:49  Probe  
  17  1:00  Probe  
  17  1:01  Assimilator  
  18  1:10  Probe  
  18  1:15  Gateway  
  19  1:18  Probe  
  20  1:28  Cybernetics Core  
  20  1:43  Probe  
  21  1:55  Probe  
  21  1:58  Pylon  
  22  2:10  Pylon  
  22  2:11  Warp Gate  
  22  2:16  Adept x2  
  26  2:27  Probe  
  27  2:33  Stargate  
  27  2:39  Probe  
  28  2:51  Nexus  
  28  2:55  Stalker  
  30  3:10  Pylon  
  30  3:13  Stargate  
  30  3:22  Probe  
  31  3:56  Phoenix  
  31  4:03  Probe x2  
  33  4:15  Probe  
  33  4:16  Stalker x2, Probe  
  37  4:18  Phoenix  
  37  4:24  Stargate  
  37  4:28  Probe x2  
  41  4:35  Assimilator  
  41  4:40  Assimilator, Probe x2  
  41  4:42  Phoenix  
  45  4:52  Pylon, Probe x2  
  47  4:58  Shield Battery  
  47  4:59  Phoenix  
  47  5:04  Probe x2  
  49  5:22  Phoenix x2  
  53  5:29  Probe x2  
  55  5:40  Phoenix x2  
  55  5:41  Pylon, Probe x2  
  57  5:43  Pylon  
  61  5:53  Probe  
  62  5:59  Probe  
  63  6:11  Nexus  
  63  6:13  Pylon  
  63  6:14  Pylon  
  63  6:20  Probe x2, Twilight Council  
  65  6:32  Probe  
  64  6:47  Charge  
  64  6:57  Probe x2  
  66  7:09  Assimilator, Probe x2  
  66  7:10  Pylon  
  66  7:12  Dark Shrine  
  66  7:13  Pylon  
  66  7:15  Assimilator, Pylon  
  68  7:21  Probe x2  
  70  7:25  Zealot x2  
  66  7:43  Probe x2  
  68  7:55  Probe x2  
  68  7:56  Gateway  
  70  7:59  Gateway x2  
  70  8:00  Gateway  
  70  8:01  Forge  
  70  8:03  Gateway  
  70  8:06  Forge  
  70  8:07  Probe x2  
  72  8:15  Robotics Facility  
  72  8:19  Probe  
  74  8:20  Probe  
  74  8:22  Protoss Ground Weapons Level 1, Protoss Ground Armor Level 1  
  74  8:30  Probe  
  74  8:32  Probe  
  76  8:35  Probe  
  76  8:39  Probe  
  75  8:43  Probe  
  75  8:44  Probe  
  75  8:47  Probe  
  78  8:53  Probe  
  80  8:56  Probe  
  80  8:58  Probe  
  80  8:59  Photon Cannon  
  80  9:01  Photon Cannon  
  82  9:02  Shield Battery  
  82  9:04  Shield Battery  
  82  9:05  Probe  
  82  9:08  Pylon, Probe  
  84  9:10  Probe  
  84  9:13  Zealot x3  
  84  9:14  Zealot x2  
  95  9:17  Probe  
  95  9:20  Probe  
  95  9:22  Probe  
  98  9:28  Dark Templar  
  98  9:29  Dark Templar, Probe  
  101  9:32  Probe  
  101  9:34  Probe  
  101  9:41  Probe  
  101  9:44  Probe  
  97  9:46  Dark Templar x5, Probe  
  104  9:54  Probe  
  104  9:56  Probe  
  104  9:58  Probe  
  105  10:06  Protoss Ground Weapons Level 2, Protoss Ground Armor Level 2, Probe  
  104  10:08  Probe  
  104  10:10  Probe  
  106  10:16  Pylon  
  106  10:17  Pylon x2  
  106  10:21  Dark Templar  
  106  10:22  Dark Templar x2  
  112  10:29  Observer  
  112  10:31  Nexus  
  113  10:38  Dark Templar x4  
  113  10:42  Archon x2  
  121  10:56  Probe x3  
  122  11:03  Assimilator  
  122  11:07  Assimilator, Dark Templar  
  122  11:08  Dark Templar x2  
  122  11:10  Pylon  
  126  11:12  Pylon  
  126  11:17  Pylon  
  126  11:22  Pylon  
  126  11:23  Pylon  
  125  11:32  Gateway  
  125  11:34  Dark Templar x4  
  125  11:38  Gateway, Archon x2  
  133  11:41  Gateway  
  133  11:50  Immortal  
  133  11:57  Gateway  
  133  11:59  Gateway  
  133  12:00  Photon Cannon  
  133  12:02  Photon Cannon  
  133  12:04  Photon Cannon  
  133  12:06  Shield Battery  
  137  12:09  Robotics Bay  
  137  12:10  Shield Battery  
  137  12:11  Archon x5  
  137  12:14  Zealot x2  
  137  12:15  Zealot x5  
  152  12:34  Robotics Facility  
  155  12:41  Protoss Ground Weapons Level 3, Protoss Ground Armor Level 3  
  155  12:44  Robotics Facility  
  151  12:52  Photon Cannon x2  
  151  12:58  Extended Thermal Lance  
  151  13:04  Zealot  
  151  13:05  Zealot x6  
  159  13:06  Zealot x3  
  159  13:10  Nexus  
  171  13:12  Pylon  
  171  13:14  Pylon  
  171  13:18  Assimilator  
  170  13:43  Pylon  
  170  13:55  Observer x2  
  172  13:56  Nexus  
  172  13:58  Pylon  
  172  13:59  Pylon  
  172  14:01  Pylon  
  165  14:13  Probe x3  
  165  14:14  Zealot  
  165  14:15  Zealot x5  
  165  14:16  Observer, Zealot  
  171  14:20  Probe  
  161  14:25  Probe x3  
  162  14:32  Probe  
  162  14:37  Probe x3  
  162  14:42  Observer x2  
  162  14:44  Probe  
  165  14:49  Probe x3  
  164  14:57  Probe  
  164  15:02  Warp Prism  
  164  15:03  Warp Prism  
  168  15:19  Nexus  
  168  15:21  Dark Shrine  
  168  15:22  Pylon  
  168  15:23  Pylon  
  168  15:24  Pylon  
  168  15:27  Pylon  
  168  15:29  Assimilator  
  162  15:46  Colossus x2  
  156  16:10  Zealot x2  
  156  16:11  Zealot x4  
  164  16:12  Zealot x6  
  180  16:19  Pylon  
  180  16:22  Photon Cannon  
  180  16:24  Photon Cannon  
  180  16:31  Probe x2  
  180  16:32  Probe x2  
  180  16:39  Colossus x2  
  192  16:51  Shield Battery, Probe x2  
  192  16:52  Probe x2  
  196  16:54  Pylon, Dark Templar x2  
  196  16:58  Archon  
  196  16:59  Pylon  
  200  17:02  Shield Battery  
  200  17:46  Nexus  
  200  17:49  Pylon  
  200  17:50  Pylon  
  200  17:53  Pylon  
Show
View Real Time Build Order
Export as new Build Order

Cliggity Protoss 

Build Orders:  

Get SALT Encoding   

  12  0:00  Probe  
  13  0:12  Probe  
  14  0:21  Pylon  
  14  0:25  Probe  
  15  0:36  Probe  
  15  0:42  Gateway  
  16  0:44  Probe  
  17  0:53  Probe  
  17  0:54  Assimilator  
  18  1:05  Probe  
  18  1:10  Assimilator  
  19  1:19  Probe  
  19  1:22  Gateway  
  20  1:38  Cybernetics Core  
  20  1:39  Probe  
  21  1:47  Probe  
  22  1:57  Probe  
  23  2:19  Pylon  
  23  2:23  Warp Gate  
  23  2:26  Gateway  
  23  2:37  Stalker x2, Probe  
  27  2:59  Nexus  
  27  3:02  Probe  
  28  3:14  Stalker  
  28  3:17  Probe  
  31  3:40  Pylon  
  31  3:48  Sentry  
  34  4:13  Probe  
  37  4:28  Probe  
  37  4:29  Probe  
  33  4:40  Probe, Twilight Council  
  33  4:41  Probe  
  33  4:42  Robotics Facility  
  35  4:47  Gateway  
  35  4:48  Pylon  
  35  4:53  Probe x2  
  35  4:58  Shield Battery, Blink  
  37  5:05  Probe  
  34  5:23  Stalker x3  
  38  5:28  Probe x2  
  40  5:39  Probe  
  40  5:40  Probe  
  42  5:46  Warp Prism  
  42  5:47  Probe  
  42  5:48  Probe  
  44  5:54  Assimilator  
  44  5:56  Stalker  
  48  5:58  Assimilator  
  48  6:00  Probe x2  
  50  6:12  Probe x2  
  50  6:17  Pylon  
  52  6:22  Stalker x2  
  52  6:23  Pylon  
  51  6:49  Stalker x4  
  57  7:02  Probe x2  
  59  7:14  Probe x2  
  61  7:19  Adept x4  
  67  7:39  Stalker  
  67  7:40  Stalker x3  
  69  7:57  Gateway  
  69  8:00  Forge  
  67  8:17  Sentry x2  
  67  8:18  Sentry  
  73  8:25  Nexus  
  73  8:26  Pylon  
  66  8:37  Protoss Ground Weapons Level 1  
  66  8:41  Probe x2  
  68  8:46  Immortal  
  72  8:56  Dark Shrine  
  72  9:03  Probe  
  72  9:04  Probe  
  54  10:07  Probe  
  54  10:08  Probe  
  54  10:16  Pylon  
  54  10:23  Shield Battery, Probe x2  
  54  10:24  Shield Battery, Probe, Observer  
  54  10:25  Stalker x4  
  66  10:39  Observer  
  66  10:41  Protoss Ground Weapons Level 2  
  64  11:02  Stalker x4  
  72  11:09  Probe x2  
  74  11:16  Immortal  
  78  11:25  Probe x3  
  81  11:33  Forge  
  81  11:34  Pylon  
  81  11:37  Pylon x2  
  81  11:40  Dark Templar x4  
  81  11:41  Dark Templar  
  91  11:47  Probe  
  91  11:48  Probe  
  91  11:49  Probe  
  94  11:55  Probe  
  94  11:56  Probe, Observer  
  97  12:01  Probe  
  97  12:03  Probe  
  99  12:29  Protoss Ground Armor Level 1  
  99  12:30  Protoss Ground Weapons Level 3  
  99  12:35  Dark Templar x5  
  99  12:38  Immortal  
  99  12:43  Gateway x2  
  103  12:46  Gateway  
  103  12:49  Gateway, Probe x3  
  106  12:51  Assimilator  
  106  12:56  Assimilator  
  106  13:07  Probe x3  
  109  13:18  Nexus  
  109  13:20  Assimilator  
  109  13:25  Assimilator  
  109  13:32  Probe x2  
  111  13:39  Dark Templar x5  
  121  13:43  Immortal  
  125  13:58  Probe x2  
  125  14:02  Zealot x3  
  90  14:26  Dark Templar x3  
  90  14:27  Dark Templar x3  
  90  14:28  Zealot x3  
  90  14:30  Archon  
  90  14:31  Archon x2  
  78  14:46  Immortal  
  82  14:59  Probe  
  78  15:00  Probe  
  78  15:03  Probe  
  81  15:07  Probe  
  82  15:15  Probe  
  82  15:16  Probe  
  84  15:22  Templar Archives  
  84  15:26  Immortal  
  69  15:48  Dark Templar x4  
  60  16:06  Probe x2  
  60  16:07  Nexus  
  58  16:37  Probe x2  
  60  16:42  High Templar x4  
  60  16:46  Archon x2  
  64  16:57  Zealot x2  
  64  16:58  Zealot x2  
  72  17:04  Probe  
  72  17:05  Probe  
  74  17:10  High Templar  
  74  17:15  High Templar  
  78  17:19  Archon  
  78  17:20  Observer  
  78  17:21  Probe x3  
  81  17:33  High Templar  
  81  17:36  Zealot  
  85  17:45  Observer  
  85  18:11  Zealot x2  
  85  18:12  Zealot x6  
Tags
 
Add a new tag
Caveats
  • Supply blocks, unpowered buildings, or Contaminate may cause inaccurate times.
  • Supply counts are checked every 10 seconds.